 Dungeon Crawl Stone Soup version 0.23-a0-275-g0cf4261 (webtiles) character file.

2 Amnesiac the Digger (level 1, 0/7 HPs)
             Began as a Felid Earth Elementalist on Oct 2, 2018.
             Slain by an ooze (3 damage)
             ... on level 1 of the Dungeon.
             The game lasted 00:00:18 (93 turns).

Amnesiac the Digger (Felid Earth Elementalist)        Turns: 93, Time: 00:00:19

Health: 0/7        AC:  1    Str:  4    XL:     1   Next: 33%
Magic:  4/4        EV: 18    Int: 16    God:
Gold:   2          SH:  0    Dex: 16    Spells: 3/4 levels left
                                        Lives:  0   Deaths: 0

rFire    . . .     SeeInvis +   (weapon unavailable)
rCold    . . .     Gourm    .   (shield unavailable)
rNeg     . . .     Faith    .   (armour unavailable)
rPois    .         Spirit   .   (helmet unavailable)
rElec    .         Reflect  .   (cloak unavailable)
rCorr    .         Harm     .   (gloves unavailable)
MR       .....                  (boots unavailable)
Stlth    +++.......             (no amulet)
HPRegen  0.02/turn              (no ring)
MPRegen  0.09/turn              (no ring)

@: quick
A: very small, no armour, no weapons or thrown items, stealth, claws 1, fangs 3,
see invisible, carnivore, speed 1, shaggy fur 1, slow metabolism 1, sharp paws
a: no special abilities


You were on level 1 of the Dungeon.
You were not hungry.

You visited 1 branch of the dungeon, and saw 1 of its levels.

You collected 2 gold pieces.

Inventory:

Missiles
 b - 34 stones
Scrolls
 a - 4 scrolls of identify {!r, unknown}
 e - a scroll of enchant weapon {!r, unknown}
 g - a scroll of teleportation {!r, unknown}
Potions
 d - a potion of cancellation {!q, unknown}
 f - a potion of might {!q, unknown}
Comestibles
 c - a ration


   Skills:
 - Level 2.6 Dodging
 - Level 2.6 Stealth
 + Level 2.0 Spellcasting
   Level 1.1 Transmutations
 * Level 2.8 Earth Magic


You had 3 spell levels left.
You knew the following spells:

 Your Spells              Type           Power        Failure   Level  Hunger
a - Sandblast             Erth           ##....       6%          1    #......

Your spell library contained the following spells:

 Spells                   Type           Power        Failure   Level  Hunger
 Passwall                 Tmut/Erth      #.......     14%         2    ###....
 Stone Arrow              Conj/Erth      #.....       34%         3    ###....
 Petrify                  Tmut/Erth      #.......     67%         4    #####..
 Lee's Rapid Deconstruct  Erth           ##........   87%         5    ######.


Dungeon Overview and Level Annotations

Branches:
Dungeon (1/15)

Altars:


Innate Abilities, Weirdness & Mutations

You cannot wear armour.
You are incapable of wielding weapons or throwing items.
Your paws allow you to move quietly. (Stealth)
You have sharp claws.
You have razor-sharp teeth.
You have supernaturally acute eyesight. (SInv)
You are carnivorous and can eat meat at any time.
You cover ground quickly.
You are covered in fur. (AC +1)
You have a slow metabolism.
Your sharp claws are effective at attacking unaware monsters.


Message History

The kobold completely misses you.
You scratch the kobold but do no damage.
The kobold is severely wounded.
The kobold completely misses you.
You scratch the kobold.
You kill the kobold!
You closely miss the goblin. The goblin closely misses you.
You scratch the goblin.
The goblin is moderately wounded.
The goblin hits you.
You closely miss the goblin.
The goblin is moderately wounded.
The goblin barely misses you.
You closely miss the goblin.
The goblin is moderately wounded.
The goblin closely misses you.
You scratch the goblin.
You kill the goblin!
No target in view!
No target in view!
b - 34 stones (gained 4)
a - a scroll labeled UFIPYMN UXTAA {!r}
There is a staircase leading out of the dungeon here.
d - a sedimented golden potion {!q}
Found a stone staircase leading down.
a - 4 scrolls labeled UFIPYMN UXTAA {!r} (gained 3)
e - a scroll labeled JEQEIM OFUEF {!r} You now have 2 gold pieces.
f - a fuming brown potion {!q}
There is a stone staircase leading down here.
Found a stone staircase leading down.
There is a stone staircase leading down here.
g - a scroll labeled TYOPUSUUDI {!r} An ooze comes into view.
An ooze is nearby!
You see here a scroll labeled LUFFOOXAONA {!r}.
A rat comes into view.
You pounce on the unaware helpless ooze!
You scratch the ooze.
The ooze is moderately wounded.
The ooze misses you.
You scratch the ooze.
The ooze is moderately wounded.
The ooze closely misses you.
You scratch the ooze.
The ooze is heavily wounded.
The ooze misses you.
You completely miss the ooze.
The ooze is heavily wounded.
The ooze hits you.
* * * LOW HITPOINT WARNING * * *
You scratch the ooze but do no damage.
The ooze is heavily wounded.
The ooze completely misses you.
You scratch the ooze but do no damage.
The ooze is heavily wounded.
The ooze closely misses you.
You scratch the ooze. You bite the ooze.
The ooze is severely wounded.
The ooze completely misses you.
You scratch the ooze. You bite the ooze, but do no damage.
The ooze is almost dead.
The ooze hits you.
You die...

......##..####### #.
#.#.#............ #.
#.#.###...#...... .
..###.#.##..#.#...... ..
##....#.##.##........
...#..#.................
.....#..#.?#.###.#......
....r..%.....# #.####.##
..###.@#.#### #.# .#
#J##.# #.. ... #.# ..###
### #. #


You could see an ooze and a rat.

Vanquished Creatures
  A goblin (D:1)
  A kobold (D:1)
2 creatures vanquished.

Notes
Turn   | Place    | Note
-------+----------+-------------------------------------------
     0 | D:1      | Amnesiac the Felid Earth Elementalist began the quest for
                  | the Orb.
     0 | D:1      | Reached XP level 1. HP: 7/7 MP: 4/4
    93 | D:1      | Slain by an ooze

Vault maps used:
D:1:      dpeg_arrival_tiny_a

Action                   || total
-------------------------++-------
Melee: Unarmed           ||    22
       Bite              ||     3
 Stab: Sleeping          ||     1
Dodge: Dodged            ||    18

Table legend:
 A = Non-vault XP
 B = Vault XP
 C = Vault XP percentage of total XP
 D = Non-vault monster count
 E = Vault monster count
 F = Vault count percentage of total count
                 A         B        C        D         E       F
            +---------+---------+-------+---------+---------+-------
      Total |       4 |       0 |   0.0 |       2 |       0 |   0.0
            +---------+---------+-------+---------+---------+-------
        D:1 |       4 |       0 |   0.0 |       2 |       0 |   0.0
            +---------+---------+-------+---------+---------+-------
